 Dungeon Sprint DCSS version 0.14-a0-519-g334afa2 (webtiles) character file.

798 MDvedh the Thaumaturge (level 7, -13/36 HPs)
             Began as a Deep Elf Air Elementalist on Nov 2, 2013.
             Was a Priest of Vehumet.
             Mangled by a hill giant
             ... wielding a +0,+0 giant spiked club
              (32 damage)
             ... in the Dungeon (Sprint IX: "|||||||||||||||||||||||||||||").
             The game lasted 00:03:22 (604 turns).

MDvedh the Thaumaturge (Deep Elf Air Elementalist)   Turns: 604, Time: 00:03:22

HP -13/36        AC  2     Str  5      XL: 7   Next: 58%
MP   0/27        EV 15     Int 25      God: Vehumet [***...]
Gold 0           SH  0     Dex 18      Spells:  4 memorised, 18 levels left

Res.Fire  : . . .   See Invis. : .   m - staff of energy
Res.Cold  : . . .   Warding    : .   a - +0 elf robe
Life Prot.: . . .   Conserve   : .   (no shield)
Res.Poison: .       Res.Corr.  : .   (no helmet)
Res.Elec. : .       Clarity    : .   (no cloak)
Sust.Abil.: . .     Spirit.Shd : .   (no gloves)
Res.Mut.  : .       Prev.Telep.: +   (no boots)
Res.Rott. : .       Flight     : .   (no amulet)
Saprovore : . . .                    n - +3 ring of dexterity
                                     o - +3 ring of intelligence

@: slightly resistant to hostile enchantments, stealthy
A: no striking features
a: Renounce Religion


You were in the Dungeon.
You worshipped Vehumet.
Vehumet was most pleased with you.
You were not hungry.

You visited 1 branch

Inventory:

Armour
 a - a +0 elven robe (worn)
Magical devices
 l - a wand of fire (7)
Comestibles
 c - a bread ration
Scrolls
 i - 2 scrolls of blinking
 j - 3 scrolls of remove curse
 k - 2 scrolls of amnesia
Jewellery
 n - a +3 ring of dexterity (right hand)
 o - a +3 ring of intelligence (left hand)
Potions
 d - 5 potions of curing
 e - a potion of heal wounds
 f - a potion of speed
 g - 3 potions of magic
 h - a potion of invisibility
Books
 b - a book of Air

   Spells                             Type                      Level
   *Shock                             Conjuration/Air              1
   *Swiftness                         Charms/Air                   2
   Repel Missiles                     Charms/Air                   2
   Flight                             Charms/Air                   3
   *Static Discharge                  Conjuration/Air              3
   *Lightning Bolt                    Conjuration/Air              5
Magical staves
 m - an uncursed staff of energy (weapon)


   Skills:
 + Level 4.6 Dodging
 - Level 2.4 Stealth
 - Level 11.7 Spellcasting
 + Level 10.6 Conjurations
 + Level 10.1 Air Magic


You had 18 spell levels left.
You knew the following spells:

 Your Spells              Type           Power        Failure   Level  Hunger
a - Shock                 Conj/Air       ####         1%          1    None
b - Swiftness             Chrm/Air       #####.....   1%          2    None
c - Static Discharge      Conj/Air       ######..     1%          3    None
d - Lightning Bolt        Conj/Air       ######....   1%          5    None


Dungeon Overview and Level Annotations

Branches:
Dungeon (1/1)

Altars:
Ashenzari
Cheibriados
Elyvilon
Fedhas
Kikubaaqudgha
Makhleb
Nemelex Xobeh
Okawaru
Sif Muna
Trog
Vehumet
Xom
Yredelemnul
Zin
the Shining One


Message History

Unknown command.
Unknown command.
Casting: Lightning Bolt
Confirm with . or Enter, or press ? or * to list all spells.
Aiming: Lightning Bolt
Press: ? - help, Shift-Dir - straight line, p - hill giant You hear a mighty clap of thunder!
The bolt of lightning hits the hill giant.
The hill giant is severely wounded.
Unknown command.
Casting: Lightning Bolt
Confirm with . or Enter, or press ? or * to list all spells.
Aiming: Lightning Bolt
Press: ? - help, Shift-Dir - straight line You hear a mighty clap of thunder!
The bolt of lightning hits the hill giant.
The hill giant is almost dead.
The hill giant hits you with a giant spiked club!
Ouch! That really hurt!
You die...

#+#
#)#
#.#
#.#
#.#
#.#
#)#
#C#
#@#
#.#
#%#
#.#
#.#
#)#
#'#
#.#
#.#


You could see a hill giant.

Vanquished Creatures
  A hill giant (D)
  An ugly thing (D)
  A manticore (D)
  A hound (D)
  A jelly (D)
  A worker ant (D)
  An adder (D)
  4 orcs (D)
  A bat (D)
  A bat zombie (D)
  A goblin (D)
  A kobold (D)
  2 giant newts (D)
  A goblin skeleton (D)
  3 rats (D)
21 creatures vanquished.

Notes
Turn   | Place    | Note
--------------------------------------------------------------
     0 | D        | MDvedh, the Deep Elf Air Elementalist, began the quest for the Orb.
     0 | D        | Reached XP level 1. HP: 10/10 MP: 4/4
    49 | D        | Noticed a hound
    51 | D        | Reached XP level 2. HP: 15/15 MP: 3/7
    52 | D        | Reached skill level 4 in Spellcasting
    65 | D        | HP: 1/22 [hound (4)]
    67 | D        | Killed a hound
    67 | D        | Reached skill level 5 in Spellcasting
    67 | D        | Reached skill level 5 in Air Magic
    67 | D        | Reached XP level 3. HP: 1/19 MP: 1/12
   341 | D        | Found an iron altar of Okawaru.
   341 | D        | Found a deep blue altar of Sif Muna.
   341 | D        | Found a burning altar of Makhleb.
   341 | D        | Found a shimmering altar of Xom.
   341 | D        | Found a snail-covered altar of Cheibriados.
   341 | D        | Found a glowing golden altar of the Shining One.
   341 | D        | Found a white marble altar of Elyvilon.
   342 | D        | Found a bloodstained altar of Trog.
   343 | D        | Found a basalt altar of Yredelemnul.
   344 | D        | Found an ancient bone altar of Kikubaaqudgha.
   345 | D        | Found a sparkling altar of Nemelex Xobeh.
   346 | D        | Found a shattered altar of Ashenzari.
   347 | D        | Found a radiant altar of Vehumet.
   348 | D        | Found a glowing golden altar of the Shining One.
   349 | D        | Found a white marble altar of Elyvilon.
   350 | D        | Found a blossoming altar of Fedhas.
   351 | D        | Found a glowing silver altar of Zin.
   372 | D        | Became a worshipper of Vehumet
   405 | D        | Noticed a hill giant
   405 | D        | Noticed a worker ant
   405 | D        | Noticed a manticore
   410 | D        | Learned a level 2 spell: Swiftness
   414 | D        | Learned a level 3 spell: Static Discharge
   417 | D        | Acquired Vehumet's first power
   417 | D        | Offered knowledge of Magic Dart by Vehumet.
   437 | D        | Killed a worker ant
   437 | D        | Reached skill level 6 in Spellcasting
   437 | D        | Reached skill level 5 in Conjurations
   437 | D        | Reached XP level 4. HP: 21/24 MP: 6/16
   440 | D        | Killed a hill giant
   440 | D        | Reached skill level 11 in Spellcasting
   440 | D        | Reached XP level 5. HP: 9/28 MP: 3/22
   440 | D        | Reached XP level 6. HP: 10/32 MP: 3/24
   444 | D        | Killed a manticore
   444 | D        | Reached skill level 10 in Conjurations
   444 | D        | Reached XP level 7. HP: 19/36 MP: 19/27
   589 | D        | Learned a level 5 spell: Lightning Bolt
   598 | D        | Noticed a jelly
   598 | D        | Noticed a white ugly thing
   598 | D        | Noticed a hill giant
   599 | D        | Offered knowledge of Flame Tongue by Vehumet.
   599 | D        | Killed a jelly
   601 | D        | Killed a white ugly thing
   601 | D        | Acquired Vehumet's second power
   601 | D        | Reached skill level 10 in Air Magic
   604 | D        | Mangled by a hill giant

Action                   |  1- 3 |  4- 6 |  7- 9 || total
-------------------------+-------+-------+-------++-------
Melee: Unarmed           |    12 |       |       ||    12
 Cast: Shock             |    14 |     4 |       ||    18
       Swiftness         |     1 |       |       ||     1
       Static Discharge  |       |     1 |     1 ||     2
       Lightning Bolt    |       |       |     6 ||     6
  Use: Potion            |     2 |     2 |       ||     4
